 Dungeon Crawl Stone Soup version 0.30.0-5-g1a98f26d00 (webtiles) character file.

Game seed: 1687230494884602831

408 Acheron the Chopper (level 6, -1/46 HPs)
             Began as a Demonspawn Warper on May 8, 2023.
             Succumbed to a scorpion's poison
             ... on level 6 of the Dungeon.
             The game lasted 00:15:27 (3992 turns).

Acheron the Chopper (Demonspawn Warper)             Turns: 3992, Time: 00:15:27

Health: -1/46      AC:  5    Str: 12    XL:     6   Next: 57%
Magic:  9/9        EV: 11    Int: 20    God:
Gold:   143        SH:  0    Dex: 14    Spells: 9/9 levels left

rFire   . . .        a - +1 hand axe (freeze)
rCold   . . .        (no shield)
rNeg    . . .        r - +0 ring mail
rPois   .            (no helmet)
rElec   .            (no cloak)
rCorr   .            (no gloves)
SInv    .            (no boots)
Will    .....        (no amulet)
Stlth   +            e - +6 ring of intelligence
HPRegen 0.27/turn    (no ring)
MPRegen 0.22/turn

%: no passive effects
@: mighty, lethally poisoned (-1 -> -7)
A: claws 2, powered by pain 1, magic regeneration
a: no special abilities


You were on level 6 of the Dungeon.
You visited 1 branch of the dungeon, and saw 7 of its levels.

You collected 185 gold pieces.
You spent 42 gold pieces at shops.

Inventory:

Hand Weapons
 a - a +1 hand axe of freezing (weapon)
Missiles
 d - 4 boomerangs of dispersal (quivered)
 p - a boomerang
Armour
 b - a +0 leather armour
 c - a +1 robe of willpower
 o - a +0 chain mail
 r - a +0 ring mail (worn)
Magical Staves
 j - a staff of fire
Jewellery
 e - a +6 ring of intelligence (left claw)
Potions
 f - 3 potions of brilliance
 g - 3 potions of flight
 h - 2 potions of attraction {unknown}
 i - 2 potions of lignification {unknown}
 k - a potion of cancellation {unknown}
 l - a potion of mutation {unknown}
 m - a potion of might {unknown}
 n - 3 potions of curing
 q - 2 potions of magic
 s - a potion of heal wounds {unknown}


   Skills:
 * Level 2.9 Fighting
 * Level 3.9 Axes
 * Level 1.9 Throwing
 * Level 2.8 Armour
 * Level 2.6 Dodging
 * Level 1.8 Stealth
 + Level 2.0 Spellcasting
 + Level 2.7 Translocations
 * Level 1.0 Evocations


You had 9 spell levels left.
You didn't know any spells.
Your spell library contained the following spells:

 Spells                   Type           Power      Damage    Failure   Level
 Blink                    Tloc           26%        N/A       17%         2
 Lesser Beckoning         Tloc           26%        N/A       17%         2
 Momentum Strike          Conj/Tloc      14%        3d8       30%         2
 Teleport Other           Tloc           13%        N/A       32%         3
 Magic Dart               Conj           8%         1d3       34%         1
 Shock                    Conj/Air       8%         1d3       34%         1
 Slow                     Hex            8%         N/A       34%         1
 Call Imp                 Summ           4%         N/A       45%         2
 Ensorcelled Hibernation  Hex/Ice        4%         N/A       45%         2
 Passwall                 Tmut/Erth      1%         N/A       45%         2
 Vhi's Electric Charge    Tloc/Air       14%        N/A       52%         3
 Confusing Touch          Hex            2%         N/A       71%         3
 Mephitic Cloud           Conj/Pois/Air  2%         N/A       71%         3
 Swiftness                Air            2%         N/A       71%         3
 Vampiric Draining        Necr           2%         2d6       71%         3
 Manifold Assault         Tloc           13%        N/A       73%         4
 Airstrike                Air            1%         2d(1-17)  98%         4


Dungeon Overview and Level Annotations

Branches:
Dungeon (7/15)
 Temple: D:4-7

Altars:
Hepliaklqana

Shops:
D:3 !

Annotations:
D:2 Terence
D:3 exclusion: downstairs
D:4 exclusion: downstairs, Menkaure
D:6 Eustachio


Innate Abilities, Weirdness & Mutations

You have very sharp fingernails.
You sometimes gain a little power by taking damage.
You regenerate magic rapidly.


Message History

The orc priest calls down the wrath of Beogh upon you.
Beogh smites you!
Found 3 stones.
A bullfrog and a scorpion come into view.
Found 18 gold pieces.
The bullfrog croaks.
There is a large open door here.
The scorpion completely misses you.
The orc priest looks encouraged for a moment.
The bullfrog barely misses you. The bullfrog hits you.
The bullfrog attacks as you move away! The bullfrog hits you. x2
* * * LOW HITPOINT WARNING * * *
The bullfrog closely misses you. The bullfrog misses you.
You aren't carrying any scrolls.
It was a potion of magic.
Magic courses through your body.
The bullfrog hits you but does no damage.
You slash the bullfrog! You freeze the bullfrog.
You kill the bullfrog!
You slash the scorpion! You freeze the scorpion.
The scorpion is heavily wounded.
The scorpion stings you.
* * * LOW HITPOINT WARNING * * *
The scorpion stings you.
* * * LOW HITPOINT WARNING * * *
You are lethally poisoned!
The scorpion poisons you!
You slash the scorpion! You freeze the scorpion.
You kill the scorpion!
* * * LOW HITPOINT WARNING * * *
You feel very sick.
The orc priest casts a cantrip, but nothing happens.
Your Evocations skill increases to level 1!
You barely miss the orc.
* * * LOW HITPOINT WARNING * * *
You feel sick. The orc completely misses you. The orc barely misses you.
You slash the orc! You freeze the orc.
You kill the orc!
You die...

.....# #...## #..
.....####...## #.#
......####...####..#
...............#..#
.................#
.......########.##
.......# ##.#
.......# #.#
.......# #@##
.......# ##)#
#......# #.##
###...##≈≈≈
#..###.#....##≈
##.#...#.....##
##..o..#.(.$..##≈
###......#.......##
##........#........#
#.........#.........


There were no monsters in sight!

Vanquished Creatures
  A water moccasin (D:5)
  A bullfrog (D:6)
  A scorpion (D:6)
  A bullfrog zombie (D:7)
  Robin (D:3)
  4 adders
  A worm (D:3)
  3 dart slugs
  13 orcs
  6 endoplasms
  3 giant cockroaches
  12 goblins
  10 hobgoblins
  4 jackals (D:2)
  4 quokkas
  5 ball pythons
  2 bats
  A frilled lizard (D:2)
  10 kobolds
  3 rats
86 creatures vanquished.

Notes
Turn   | Place    | Note
-------+----------+-------------------------------------------
     0 | D:1      | Acheron the Demonspawn Warper began the quest for the Orb.
     0 | D:1      | Reached XP level 1. HP: 16/16 MP: 3/3
    46 | D:1      | Reached skill level 2 in Axes
    68 | D:1      | Reached skill level 1 in Armour
   190 | D:1      | Reached skill level 1 in Throwing
   325 | D:1      | Gained mutation: You regenerate magic rapidly. [demonic
                  | ancestry]
   325 | D:1      | Reached XP level 2. HP: 9/22 MP: 5/5
  1061 | D:2      | Found a hazy altar of Hepliaklqana.
  1285 | D:2      | Discovered your monstrous ancestry.
  1285 | D:2      | Gained mutation: You have sharp fingernails. [demonic
                  | ancestry]
  1285 | D:2      | Reached XP level 3. HP: 15/27 MP: 6/6
  1889 | D:2      | Noticed Terence
  1916 | D:3      | Gained mutation: You have very sharp fingernails. [demonic
                  | ancestry]
  1916 | D:3      | Reached XP level 4. HP: 32/33 MP: 7/7
  2327 | D:3      | Reached skill level 1 in Stealth
  2379 | D:3      | Found Ohisyxtap's Distillery.
  2382 | D:3      | Bought a potion of curing for 42 gold pieces
  2413 | D:3      | Reached skill level 3 in Axes
  2629 | D:4      | Noticed a scorpion
  2867 | D:4      | Noticed Robin
  2887 | D:3      | Killed Robin
  2888 | D:3      | Gained mutation: You sometimes gain a little power by
                  | taking damage. [demonic ancestry]
  2888 | D:3      | Reached XP level 5. HP: 8/39 MP: 8/8
  3095 | D:2      | You fall into a shaft and drop 1 floor!
  3352 | D:5      | Entered Level 5 of the Dungeon
  3352 | D:5      | Noticed a water moccasin
  3511 | D:4      | Noticed Menkaure
  3576 | D:5      | Killed a water moccasin
  3702 | D:5      | Noticed an ice beast
  3705 | D:6      | Noticed Eustachio
  3705 | D:6      | Noticed a black bear
  3756 | D:7      | Reached XP level 6. HP: 19/46 MP: 9/9
  3990 | D:6      | HP: 2/46 [poisoned by a scorpion]
  3991 | D:6      | Reached skill level 1 in Evocations
  3992 | D:6      | Succumbed to a scorpion's poison

Illustrated notes

Levels and vault maps discovered:
D:1:      sevenhm_arrival_forest_fort_small_4, layout_rooms, serial_bayou,
          serial_bayou_shore_a, serial_bayou_ford_a, serial_bayou_lagoon_a,
          serial_bayou_shore_b, serial_bayou_pond_e, hangedman_decor_peaks_small
D:2:      minmay_skewed_foursquare, layout_basic, basic_altar,
          chequers_mini_garden, hex_tiny, kennysheep_generic_room_13,
          uniq_terence
D:3:      minmay_evil_eye, layout_loops_ring, serial_shops,
          nicolae_shop_real_fake_doors
D:4:      layout_rooms, minmay_temple_entry_nine_rooms, serial_rivers,
          chequers_serial_rivers_room_b, chequers_serial_rivers_micro_c,
          chequers_serial_rivers_large_a, chequers_serial_rivers_micro_e,
          chequers_serial_rivers_small_3, chequers_serial_rivers_micro_c,
          minmay_bisected, uniq_crazy_yiuf_cottage, uniq_robin, uniq_menkaure
D:5:      layout_basic, dreamdust_gnoll_farm
D:6:      layout_cave_pods, serial_shops, shop, chequers_serial_rivers_room_b,
          kennysheep_opposing_triangles, uniq_blork_the_orc, uniq_grinder,
          uniq_eustachio
D:7:      layout_cave_pods, serial_undead, serial_undead_a, serial_undead_c,
          serial_undead_a, serial_undead_e, nicolae_inconvenience_store,
          uniq_maggie

Skill      XL: |  1  2  3  4  5  6 |
---------------+-------------------+-----
Axes           | 2 3 |  3.9
Armour         | 1 2 |  2.8
Throwing       | 1 |  1.9
Dodging        | 2 |  2.6
Stealth        | 1 |  1.8
Evocations     | 1 |  1.0
Fighting       | |  2.9
Spellcasting   | |  2.0
Translocations | |  2.7

Action                     |  1- 3 |  4- 6 || total
---------------------------+-------+-------++-------
  Melee: Hand axe          |   145 |   140 ||   285
         Punch             |     2 |       ||     2
  Throw: Boomerang         |       |     3 ||     3
    Use: Scroll            |       |     9 ||     9
         Potion            |       |     1 ||     1
 Armour: Leather armour    |    28 |       ||    28
         Chain mail        |    41 |    81 ||   122
         Ring mail         |       |     1 ||     1
  Dodge: Dodged            |    73 |    64 ||   137
